 Dungeon Crawl Stone Soup version 0.28-a0-938-gbc3f381ebc (webtiles) character file.

Game seed: 1796186186666761002

609 croobank the Stinger (level 7, -1/52 HPs)
             Began as a Human Monk on Nov 28, 2021.
             Was a Priest of Sif Muna.
             Slain by a black bear (11 damage)
             ... on level 5 of the Dungeon.
             The game lasted 00:26:17 (5742 turns).

croobank the Stinger (Human Monk)                   Turns: 5742, Time: 00:26:18

Health: -1/52      AC:  4    Str: 14    XL:     7   Next: 71%
Magic:  11/11      EV: 12    Int: 10    God:    Sif Muna [***...]
Gold:   221        SH:  5    Dex: 15    Spells: 6/12 levels left

rFire   . . .      SeeInvis .   a - +3 short sword (vamp)
rCold   . . .      Faith    .   (no shield)
rNeg    + . .      Spirit   .   e - +0 leather armour
rPois   .          Reflect  +   p - +0 helmet
rElec   .          Harm     .   (no cloak)
rCorr   .          Rampage  .   (no gloves)
Will    .....                   (no boots)
Stlth   ++........              l - amulet of reflection
HPRegen 0.17/turn               A - ring of positive energy
MPRegen 0.12/turn               (no ring)

@: wereblooded
A: no striking features
a: Renounce Religion, Channel Magic, Forget Spell


You were on level 5 of the Dungeon.
You worshipped Sif Muna.
Sif Muna was most pleased with you.
You visited 1 branch of the dungeon, and saw 5 of its levels.

You collected 221 gold pieces.

Inventory:

Hand Weapons
 a - a +3 vampiric short sword (weapon)
 b - a +0 hand crossbow
 f - a +0 trident
 g - a +0 hand axe
 i - a +0 war axe
Missiles
 d - 173 stones (quivered)
 h - 27 bolts
 r - 6 poisoned darts
 s - 56 arrows
Armour
 e - a +0 leather armour (worn)
 n - a +0 kite shield
 p - a +0 helmet (worn)
Jewellery
 l - an amulet of reflection (around neck)
 A - a ring of positive energy (left hand)
Wands
 k - a wand of flame (18)
 u - a wand of iceblast (5)
 y - a wand of mindburst (12)
Scrolls
 c - 2 scrolls of fear
 j - a scroll of immolation
 o - a scroll of magic mapping
 t - a scroll of teleportation {unknown}
 x - a scroll of silence {unknown}
Potions
 q - a potion of resistance
 v - a potion of might {unknown}
 w - 2 potions of degeneration {unknown}
 z - a potion of lignification {unknown}


   Skills:
 - Level 3.1 Fighting
 - Level 3.3 Axes
 - Level 0.1 Armour
 - Level 3.2 Dodging
 - Level 2.1 Stealth
 + Level 2.8 Shields
 - Level 3.1 Spellcasting
 - Level 3.1 Transmutations
 - Level 4.1 Poison Magic


You had 6 spell levels left.
You knew the following spells:

 Your Spells              Type           Power      Damage    Failure   Level
a - Beastly Appendage     Tmut           14%        N/A       10%         1
b - Wereblood             Tmut           7%         N/A       14%         2
c - Spider Form           Tmut/Pois      8%         N/A       24%         3

Your spell library contained the following spells:

 Spells                   Type           Power      Damage    Failure   Level
 Call Canine Familiar     Summ           1%         N/A       71%         3
 Portal Projectile        Hex/Tloc       2%         N/A       71%         3
 Leda's Liquefaction      Hex/Erth       0%         N/A       98%         4


Dungeon Overview and Level Annotations

Branches:
Dungeon (5/15)
 Temple: D:4-7

Altars:
Sif Muna
The Shining One

Shops:
D:4 (


Message History

The black bear is heavily wounded.
The black bear bites you. The black bear barely misses you.
You block the black bear's attack.
You hit the black bear.
The black bear is heavily wounded.
The black bear bites you! The black bear closely misses you.
The black bear barely misses you.
You hit the black bear.
You feel better.
The black bear is almost dead.
The black bear barely misses you. The black bear claws you.
The black bear barely misses you. The black bear closely misses you.
The black bear claws you. The black bear misses you.
You hit the black bear but do no damage.
The black bear is almost dead.
The black bear bites you. The black bear claws you.
The black bear closely misses you.
You hit the black bear.
The black bear is almost dead.
The black bear goes berserk!
You hit the black bear.
You feel better.
The black bear is almost dead.
The black bear closely misses you. The black bear completely misses you.
The black bear misses you.
You hit the black bear but do no damage.
The black bear is almost dead.
The black bear bites you but does no damage.
The black bear claws you.
* * * LOW HITPOINT WARNING * * *
The black bear completely misses you. The black bear bites you!
* * * LOW HITPOINT WARNING * * *
The black bear misses you. The black bear claws you.
* * * LOW HITPOINT WARNING * * *
You can't see any enemies this would affect, really read the scroll of fear?
Okay, then.
Okay, then.
You feel better. The black bear barely misses you. x2
The black bear claws you.
* * * LOW HITPOINT WARNING * * *
The black bear bites you!
You die...

#.....#...#...#.......#....
#.....#..##...#.......#....
#.....#..##...#.......###..
#.....#'###...########.....
#.....#.......#............
#.....#.......#..†...#.....
#.....######'###.##'##.....
#.....#..#....##.##..######
#.....#..h@...+...#...#
#.....#..#....#...#...#
#.....#. #....##'######
######.....# ##...........#
# #..........#
#...........# #
#..........# #...........#
# #..........#
#...........# #
#....<.....# #...........#
# #..........#
#...........# ##


You could see a black bear (berserk).

Vanquished Creatures
  The ghost of croobank the Insei, an amateur OpTm (D:3)
  Blork the orc (D:5)
  2 jellies (D:5)
  A hound (D:4)
  A centaur skeleton (D:5)
  2 iguanas
  An orc wizard (D:3)
  2 hound zombies (D:5)
  Robin (D:3)
  4 gnolls
  6 adders
  A white imp (D:5)
  2 worms
  A dart slug (D:5)
  5 orcs
  3 endoplasms
  3 giant cockroaches
  11 goblins
  4 hobgoblins
  6 jackals
  3 kobolds
  3 ball pythons
  2 bats
  4 frilled lizards
  4 rats
74 creatures vanquished.

Notes
Turn   | Place    | Note
-------+----------+-------------------------------------------
     0 | D:1      | croobank the Human Monk began the quest for the Orb.
     0 | D:1      | Reached XP level 1. HP: 18/18 MP: 1/1
   138 | D:1      | Reached XP level 2. HP: 5/24 MP: 2/2
   664 | D:1      | Learned a level 1 spell: Beastly Appendage
   792 | D:1      | Found a faded altar of an unknown god.
   797 | D:1      | Prayed at the altar of an unknown god.
   797 | D:1      | Became a worshipper of Sif Muna the Loreminder
   797 | D:1      | Reached * piety under Sif Muna
   797 | D:1      | Reached ** piety under Sif Muna
  1139 | D:2      | Reached skill level 1 in Transmutations
  1139 | D:2      | Reached XP level 3. HP: 15/29 MP: 2/4
  1144 | D:2      | Reached skill level 1 in Spellcasting
  1636 | D:2      | Reached *** piety under Sif Muna
  1637 | D:2      | Reached XP level 4. HP: 35/35 MP: 3/6
  1741 | D:2      | Learned a level 2 spell: Wereblood
  2048 | D:2      | Found a glowing golden altar of the Shining One.
  2226 | D:3      | Noticed Robin
  2233 | D:3      | Killed Robin
  2262 | D:3      | Learned a level 3 spell: Spider Form
  2410 | D:3      | Noticed croobank's ghost (amateur OpTm)
  2411 | D:3      | Found a runed translucent door.
  2502 | D:3      | Killed croobank's ghost
  2503 | D:3      | Reached XP level 5. HP: 32/41 MP: 5/9
  2503 | D:3      | Reached XP level 6. HP: 37/47 MP: 5/10
  3285 | D:3      | Reached skill level 1 in Poison Magic
  3731 | D:4      | Reached skill level 2 in Poison Magic
  3873 | D:4      | Found Afiathra's Antique Weapon Boutique.
  4200 | D:4      | Reached skill level 3 in Poison Magic
  4478 | D:5      | Entered Level 5 of the Dungeon
  4490 | D:5      | Reached XP level 7. HP: 49/52 MP: 11/11
  4656 | D:5      | Noticed Blork the orc
  4673 | D:5      | Killed Blork the orc
  4674 | D:5      | Reached skill level 4 in Poison Magic
  5025 | D:5      | Reached skill level 1 in Shields
  5742 | D:5      | Slain by a black bear

Illustrated notes

Levels and vault maps discovered:
D:1:      eino_arrival_cavern_a, layout_rooms, shapermc_ecumenical_altar_petra,
          minivault_11
D:2:      layout_basic, basic_altar, interstate_on_off
D:3:      layout_loops_ring, hellmonk_ghost_happy_afterlife,
          kennysheep_cross_room, uniq_robin
D:4:      layout_basic, minmay_shop_grid_forest
D:5:      layout_gridville, eino_tiny_chamber,
          nicolae_concentric_dashed_squares_wild, uniq_blork_the_orc

Skill      XL: |  1  2  3  4  5  6  7 |
---------------+----------------------+-----
Transmutations | 1 3 |  3.1
Spellcasting   | 1 3 |  3.1
Poison Magic   | 3 4 |  4.1
Shields        | 2 |  2.8
Fighting       | |  3.1
Axes           | |  3.3
Armour         | |  0.1
Dodging        | |  3.2
Stealth        | |  2.1

Action                   |  1- 3 |  4- 6 |  7- 9 || total
-------------------------+-------+-------+-------++-------
Melee: Hand axe          |    66 |   113 |       ||   179
       Kick              |     4 |    15 |       ||    19
       Headbutt          |     1 |     6 |       ||     7
       Short sword       |       |    52 |    62 ||   114
       Unarmed           |       |       |     8 ||     8
 Fire: Hand crossbow     |       |     7 |    10 ||    17
 Cast: Beastly Appendage |     4 |    12 |       ||    16
       Wereblood         |       |     3 |     1 ||     4
       Spider Form       |       |       |     1 ||     1
Evoke: Wand              |       |       |     6 ||     6
  Use: Scroll            |       |    11 |       ||    11
       Potion            |       |     1 |     1 ||     2
 Stab: Sleeping          |     2 |     3 |       ||     5
Armor: Leather armour    |     7 |    43 |    15 ||    65
Dodge: Dodged            |    39 |   103 |    63 ||   205
Block: Other             |       |     7 |    18 ||    25
       Reflection        |       |       |     1 ||     1

Table legend: (Time is in decaauts)
 A = Elapsed time spent in this place.
 B = Non-inter-level travel time spent in this place.
 C = Inter-level travel time spent in this place.
 D = Time resting spent in this place.
 E = Time spent auto-exploring this place.
 F = Levels seen in this place.
 G = Mean time per level.
                   A        B        C        D        E       F      G
               +--------+--------+--------+--------+--------+-----+--------+
         Total |   5778 |   5697 |     81 |    803 |   3824 |   5 | 1155.6 |
       Dungeon |   5778 |   5697 |     81 |    803 |   3824 |   5 | 1155.6 |
               +--------+--------+--------+--------+--------+-----+--------+

Top non-repeatable levels by time:
     D:3: 1551 daAuts
     D:5: 1272 daAuts
     D:2: 1195 daAuts
     D:1: 1000 daAuts
     D:4: 759 daAuts
